 Dungeon Crawl Stone Soup version 0.28.0-53-g5a82cb258f (webtiles) character file.

Game seed: 2392936466459281957

266 youngbrodi3 the Gusty (level 6, -2/45 HPs)
             Began as a Draconian Air Elementalist on June 21, 2022.
             Killed from afar by an orc wizard (4 damage)
             ... with a magic dart
             ... on level 4 of the Dungeon.
             The game lasted 00:21:27 (3388 turns).

youngbrodi3 the Gusty (Draconian Air Elementalist)  Turns: 3388, Time: 00:21:27

Health: -2/45      AC:  9    Str: 10    XL:     6   Next: 0%
Magic:  1/11       EV: 16    Int: 16    God:
Gold:   131        SH:  0    Dex: 13    Spells: 10/11 levels left

rFire   . . .      SeeInvis .   q - +1 dagger (flame)
rCold   . . .      Faith    .   (no shield)
rNeg    . . .      Spirit   .   (armour unavailable)
rPois   .          Reflect  .   (helmet restricted)
rElec   .          Harm     .   (no cloak)
rCorr   .          Rampage  .   n - +2 pair of gloves
Will    .....                   (no boots)
Stlth   ++........              (no amulet)
HPRegen 0.15/turn               e - +4 ring of slaying
MPRegen 0.12/turn               j - +4 ring of evasion

@: no status effects
A: AC +6, unfitting armour, cold-blooded
a: no special abilities


You were on level 4 of the Dungeon.
You visited 1 branch of the dungeon, and saw 4 of its levels.

You collected 131 gold pieces.

Inventory:

Hand Weapons
 a - a +0 dagger of flaming
 h - a +0 short sword
 i - a +0 club
 m - a +0 dagger
 q - a +1 dagger of flaming (weapon)
 t - a +0 spear
 w - a +0 club
 x - a +0 hunting sling
 y - a +0 shortbow
 z - a +0 dagger of draining
 D - a +1 whip of venom
 E - a +0 war axe
Missiles
 c - 12 arrows
 d - 26 bolts
 g - 84 stones
 u - 61 sling bullets
 A - 3 poisoned darts
 F - 2 throwing nets
Armour
 b - a +0 scale mail
 f - a +0 ring mail
 l - a +0 chain mail
 n - a +2 pair of gloves (worn)
 v - a +1 chain mail of poison resistance
Jewellery
 e - a +4 ring of slaying (left hand)
 j - a +4 ring of evasion (right hand)
Scrolls
 k - 2 scrolls of fog
 o - 2 scrolls of enchant armour
 p - a scroll of immolation
 r - a scroll of teleportation
 B - 2 scrolls of magic mapping
 C - a scroll of identify
Potions
 s - a potion of might
 G - a potion of attraction {unknown}


   Skills:
 + Level 0.9 Short Blades
 + Level 2.0 Dodging
 + Level 2.6 Stealth
 + Level 3.4 Spellcasting
 + Level 2.7 Conjurations
 + Level 4.5 Air Magic


You had 10 spell levels left.
You knew the following spells:

 Your Spells              Type           Power      Damage    Failure   Level
a - Shock                 Conj/Air       56%        1d6       4%          1

Your spell library contained the following spells:

 Spells                   Type           Power      Damage    Failure   Level
 Static Discharge         Conj/Air       14%        N/A       6%          2
 Swiftness                Air            17%        N/A       9%          3
 Airstrike                Air            8%         N/A       28%         4


Dungeon Overview and Level Annotations

Branches:
Dungeon (4/15)             Temple (0/1) D:4

Altars:

Annotations:
D:4 1 runed translucent door, Kranky's ghost, amateur OpFi; Pikel


Innate Abilities, Weirdness & Mutations

Your plain brown scales are hard. (AC +6)
You cannot fit into any form of body armour.
You are cold-blooded and may be slowed by cold attacks.


Message History

You tail-slap the orc, but do no damage.
Your punch misses the orc.
The orc is heavily wounded.
The gnoll hits you from afar with a +0 spear.
* * * LOW HITPOINT WARNING * * *
Something hits you but does no damage. The orc closely misses you.
You hit the orc. You burn the orc.
You kill the orc!
The gnoll hits you from afar with a +0 spear.
* * * LOW HITPOINT WARNING * * *
Something hits you but does no damage.
Casting: Shock (safe; 4% risk of failure)
Confirm with . or Enter, or press ? or * to list all spells.
Aiming: Shock (safe; 4% risk of failure)
Press: ? - help, Shift-Dir - straight line, f - gnoll
Aim: a gnoll, wielding a +0 spear (severely wounded, 75% to hit)
The zap hits the gnoll.
You kill the gnoll!
Something hits you.
* * * LOW HITPOINT WARNING * * *
You have reached level 6!
Your scales feel tougher.
You hear some strange, mumbled words.
A puff of flame appears from out of thin air!
The puff of flame hits you.
* * * LOW HITPOINT WARNING * * *
You puncture something! You burn something.
Your tail-slap misses something.
Something hits you but does no damage. Something hits you.
* * * LOW HITPOINT WARNING * * *
As you read the scroll of teleportation, it crumbles to dust.
You feel strangely unstable. Something hits you.
* * * LOW HITPOINT WARNING * * *
j - a +4 ring of evasion (right hand)
Something hits you.
* * * LOW HITPOINT WARNING * * *
Your surroundings seem slightly different.
A magic dart appears from out of thin air!
The magic dart hits you.
You die...

#.....##.##......g#.###.......
##.......##...................
#....#.....##................
###...##....###.#.##..........
##............#..###..g........
#................####........#.
......#..........?..###.....####.
####..##...#............#.#.# ##
### ##..#.)..@.......###..# ##
#.##)){$.....?... #.####.
###...>.##...... #..#...
#ยง..).$..$..##. #.g...
##...###...... #.... #####
..#.... #.... .#.... #.... .. ...
#...< #.Z....


There were no monsters in sight!

Vanquished Creatures
  A centaur zombie (D:4)
  2 hounds
  A gnoll shaman (D:4)
  3 gnolls (D:4)
  3 adders (D:3)
  An adder skeleton (D:4)
  2 dart slugs
  4 orcs (D:4)
  6 ball pythons
  7 bats
  10 endoplasms
  4 giant cockroaches
  7 goblins
  6 hobgoblins
  4 jackals (D:3)
  2 quokkas
  3 frilled lizards
  6 kobolds
  3 rats
75 creatures vanquished.

Notes
Turn   | Place    | Note
-------+----------+-------------------------------------------
     0 | D:1      | youngbrodi3 the Draconian Air Elementalist began the quest
                  | for the Orb.
     0 | D:1      | Reached XP level 1. HP: 14/14 MP: 3/3
   309 | D:1      | Reached XP level 2. HP: 14/20 MP: 0/5
  1072 | D:2      | Reached XP level 3. HP: 26/26 MP: 4/6
  2293 | D:3      | Reached XP level 4. HP: 28/33 MP: 6/8
  2458 | D:3      | Reached skill level 4 in Air Magic
  3278 | D:4      | Reached XP level 5. HP: 38/38 MP: 0/9
  3282 | D:4      | Found a runed translucent door.
  3282 | D:4      | Noticed Kranky's ghost (amateur OpFi)
  3330 | D:4      | Noticed Pikel
  3331 | D:4      | Noticed a lemure
  3354 | D:4      | Found a staircase to the Ecumenical Temple.
  3379 | D:4      | Reached XP level 6. HP: 8/45 MP: 0/11
  3383 | D:4      | HP: 2/45 [something (1)]
  3388 | D:4      | Killed from afar by an orc wizard

Illustrated notes

Levels and vault maps discovered:
D:1:      onia_arrival_mini_maze_b, layout_rooms, minmay_misc_feat_more_columns,
          minmay_pentomino_w4
D:2:      layout_loops_ring, kennysheep_decorative_pillar,
          corexii_hall_statues_l, minmay_small_reverse_x
D:3:      layout_basic
D:4:      layout_cave_pools, minmay_temple_entry_offerings,
          hellmonk_ghost_happy_afterlife, kennysheep_generic_room_8, uniq_pikel

Skill      XL: |  1  2  3  4 |
---------------+-------------+-----
Stealth        | 2 |  2.6
Air Magic      | 4 |  4.5
Conjurations   | 2 |  2.7
Dodging        | 2 |  2.0
Spellcasting   | 3 |  3.4
Short Blades   | |  0.9

Action                   |  1- 3 |  4- 6 || total
-------------------------+-------+-------++-------
Melee: Unarmed           |    16 |       ||    16
       Dagger            |    33 |    30 ||    63
       Tailslap          |     8 |     7 ||    15
       Punch             |       |     1 ||     1
 Cast: Shock             |    66 |    50 ||   116
  Use: Scroll            |     6 |     4 ||    10
Armor: Skin              |    15 |    28 ||    43
Dodge: Dodged            |    36 |    22 ||    58
